 Dungeon Crawl Stone Soup version 0.27-a0-1154-gfdeffcb720 (webtiles) character file.

Game seed: 12610679833711825733

69 polve the Cutter (level 4, -1/35 HPs)
             Began as a Demonspawn Abyssal Knight on May 14, 2021.
             Was a Follower of Lugonu.
             Slain by a goblin
             ... wielding a +0 club
              (4 damage)
             ... on level 2 of the Dungeon.
             The game lasted 00:02:36 (2620 turns).

polve the Cutter (Demonspawn Abyssal Knight)        Turns: 2620, Time: 00:02:37

Health: -1/35      AC:  6    Str: 13    XL:     4   Next: 2%
Magic:  5/5        EV: 10    Int: 14    God:    Lugonu [*.....]
Gold:   114        SH:  4    Dex: 12    Spells: 3/3 levels left

rFire    + . .     SeeInvis .   a - +1 short sword
rCold    . . .     Faith    .   (no shield)
rNeg     . . .     Spirit   .   k - +0 ring mail
rPois    .         Reflect  .   (no helmet)
rElec    .         Harm     .   j - +0 cloak
rCorr    .         Rampage  .   (no gloves)
Will     .....                  (no boots)
Stlth    +.........             (no amulet)
HPRegen  0.11/turn              e - ring of protection from fire
MPRegen  0.09/turn              (no ring)

@: no status effects
A: large bone plates 1, powered by pain 1
a: Renounce Religion, Depart the Abyss


You were on level 2 of the Dungeon.
You worshipped Lugonu.
Lugonu was aware of your devotion.
You visited 1 branch of the dungeon, and saw 2 of its levels.
You visited the Abyss 1 time.

You collected 114 gold pieces.

Inventory:

Hand Weapons
 a - a +1 short sword (weapon)
Armour
 j - a +0 cloak (worn)
 k - a +0 ring mail (worn)
Jewellery
 e - a ring of protection from fire (left hand)
 h - a ring of wizardry
Wands
 p - a wand of polymorph (10)
Scrolls
 b - a scroll of identify {unknown}
 c - a scroll of blinking {unknown}
 d - 2 scrolls of immolation {unknown}
 g - 2 scrolls of enchant weapon {unknown}
 m - a scroll of amnesia {unknown}
Potions
 f - a potion of lignification {unknown}
 i - a potion of brilliance {unknown}
 l - a potion of berserk rage {unknown}
 n - a potion of haste
 o - a potion of flight {unknown}


   Skills:
 + Level 3.0 Fighting
 - Level 4.0 Short Blades
 + Level 1.7 Armour
 - Level 0.8 Dodging
 - Level 2.4 Invocations


You had 3 spell levels left.
You didn't know any spells.
Your spell library contained the following spells:

 Spells                   Type           Power      Damage    Failure   Level
 Summon Lightning Spire   Summ/Air       0%         N/A       99%         4
 Silence                  Hex/Air        0%         N/A       100%        5
 Conjure Ball Lightning   Conj/Air       0%         3x3d6     100%        6
 Tornado                  Air            0%         N/A       100%        9


Dungeon Overview and Level Annotations

Branches:
Dungeon (2/15)

Altars:


Innate Abilities, Weirdness & Mutations

You are partially covered in large bone plates. (SH +4)
You sometimes gain a little power by taking damage.


Message History

The rat barely misses you. The goblin misses you. The rat barely misses you.
The goblin barely misses you. The rat bites you but does no damage.
The goblin hits you but does no damage. The rat bites you but does no damage.
The goblin closely misses you. The rat bites you but does no damage.
The goblin closely misses you. The rat bites you but does no damage.
The goblin hits you with a +0 club.
* * * LOW HITPOINT WARNING * * *
The rat barely misses you. The goblin barely misses you.
You block the rat's attack. The goblin barely misses you.
You block the rat's attack. The goblin hits you but does no damage.
You block the rat's attack. The goblin hits you but does no damage.
The rat closely misses you. The goblin barely misses you. The rat bites you.
* * * LOW HITPOINT WARNING * * *
The goblin hits you but does no damage. The rat barely misses you.
The goblin barely misses you. The rat barely misses you.
You block the goblin's attack. The rat closely misses you.
The goblin barely misses you. The rat bites you but does no damage.
The goblin hits you but does no damage. The rat closely misses you.
The goblin hits you with a +0 club.
* * * LOW HITPOINT WARNING * * *
The rat closely misses you. The goblin hits you but does no damage.
You block the rat's attack. The goblin barely misses you.
The rat completely misses you. You block the goblin's attack.
You block the rat's attack. The goblin barely misses you.
The rat barely misses you. The goblin hits you with a +0 club.
* * * LOW HITPOINT WARNING * * *
The rat bites you but does no damage. You block the goblin's attack.
The rat barely misses you. The goblin hits you but does no damage.
The rat bites you but does no damage. The goblin misses you. The rat bites you.
* * * LOW HITPOINT WARNING * * *
The goblin barely misses you. The rat closely misses you.
The goblin barely misses you. The rat barely misses you.
The goblin hits you but does no damage. You block the rat's attack.
The goblin hits you but does no damage. You block the rat's attack.
The goblin barely misses you. The rat closely misses you.
The goblin completely misses you. The rat bites you but does no damage.
The goblin hits you with a +0 club.
You die...

#..#.##.#.###.....# #.#
#.#.##.#.## ###.### #.#
.#.##.#.## #.# #.#
#.##.#.## #.. #.# .##.#.##
### #.# ##.#.## # #.#
#.#†## ###########.####
#.# .#.## .........g......
#.# #.## #######.@r#.###
#.# .## #.#># #.# ##
####.#.# ## #.# #
#######....#.< .#######.##
#
........#######..........#
#######....#....########.#
...........#...###### #.#
##########.#..[.)...# #.#
#....#####.# #.#


You could see a goblin and a rat.

Vanquished Creatures
  2 adders (D:2)
  A dart slug (D:2)
  3 endoplasms
  2 giant cockroaches
  2 goblins
  4 hobgoblins
  10 jackals
  2 kobolds
  3 quokkas
  4 ball pythons
  3 bats
  2 frilled lizards (D:2)
  3 rats
41 creatures vanquished.

Notes
Turn   | Place    | Note
-------+----------+-------------------------------------------
     0 | Abyss:1  | polve the Demonspawn Abyssal Knight began the quest for the
                  | Orb.
     0 | Abyss:1  | Reached XP level 1. HP: 18/18 MP: 2/2
    70 | Abyss:1  | Noticed a large abomination
   134 | Abyss:2  | Noticed a smoke demon
   139 | D:1      | Escaped the Abyss
   239 | D:1      | Reached skill level 2 in Short Blades
   335 | D:1      | Gained mutation: You are partially covered in large bone
                  | plates. (SH +4) [demonic ancestry]
   335 | D:1      | Reached XP level 2. HP: 10/24 MP: 3/3
   848 | D:1      | Reached * piety under Lugonu
  1259 | D:1      | Found a faded altar of an unknown god.
  1339 | D:2      | Reached skill level 3 in Short Blades
  1455 | D:2      | Reached XP level 3. HP: 27/29 MP: 4/4
  2496 | D:2      | Reached skill level 4 in Short Blades
  2496 | D:2      | Gained mutation: You sometimes gain a little power by
                  | taking damage. [demonic ancestry]
  2496 | D:2      | Reached XP level 4. HP: 32/35 MP: 5/5
  2620 | D:2      | Slain by a goblin

Illustrated notes

Levels and vault maps discovered:
D:1:      co_arrival_square_in_a_square_in_a_square, layout_loops_ring,
          chequers_ecumenical_altar_grove, minmay_shallow_snake_nest
D:2:      minmay_inner_zag, layout_loops_ring, chequers_serial_rivers_marsh,
          nrook_mini_backslash

Skill      XL: |  1  2  3 |
---------------+----------+-----
Short Blades   | 2 3 4 |  4.0
Fighting       | |  3.0
Armour         | |  1.7
Dodging        | |  0.8
Invocations    | |  2.4

Action                   |  1- 3 |  4- 6 || total
-------------------------+-------+-------++-------
Melee: Short sword       |   184 |       ||   184
Invok: Depart the Abyss  |     1 |       ||     1
Armor: Leather armour    |    14 |       ||    14
       Ring mail         |    57 |    34 ||    91
Dodge: Dodged            |    97 |    72 ||   169
Block: Other             |    41 |    26 ||    67

Table legend: (Time is in decaauts)
 A = Elapsed time spent in this place.
 B = Non-inter-level travel time spent in this place.
 C = Inter-level travel time spent in this place.
 D = Time resting spent in this place.
 E = Time spent auto-exploring this place.
 F = Levels seen in this place.
 G = Mean time per level.
                   A        B        C        D        E       F      G
               +--------+--------+--------+--------+--------+-----+--------+
         Total |   2612 |   2564 |     48 |      0 |   2098 |   4 |  653.0 |
       Dungeon |   2474 |   2426 |     48 |      0 |   1992 |   2 | 1237.0 |
         Abyss |    138 |    138 |      0 |      0 |    106 |   2 |   69.0 |
               +--------+--------+--------+--------+--------+-----+--------+

Top non-repeatable levels by time:
     D:2: 1293 daAuts
     D:1: 1180 daAuts
 Abyss:1: 73 daAuts
 Abyss:2: 65 daAuts
